Map: Lerilak Crest

Players

MorN

  • Race: Terran Terran
  • League: Diamond

Grippe - Winner!

  • Race: Zerg Zerg
  • League: Master

VOD

Have the link to the VOD?

Description

Time

  • Played on: Nov. 17, 2015, 2:18 a.m.
  • Length: 13:05
Show
View Real Time Build Order
Export as new Build Order

MorN Terran 

Build Orders: Liberator Opening, Reaper Expand, MMM Bio 

Get SALT Encoding   

  12  0:00  SCV  
  13  0:13  SCV  
  14  0:19  Supply Depot  
  14  0:25  SCV  
  15  0:40  SCV  
  15  0:42  Barracks  
  16  0:46  Refinery  
  16  0:52  SCV  
  17  1:04  SCV  
  18  1:17  SCV  
  19  1:30  Reaper, Orbital Command  
  20  1:41  Command Center  
  20  1:49  Supply Depot  
  20  1:57  SCV  
  21  2:02  Reaper  
  22  2:13  SCV  
  23  2:25  SCV, Factory  
  24  2:35  Command Center  
  24  2:43  SCV  
  25  2:45  Barracks Reactor  
  25  2:55  SCV, Refinery, Orbital Command  
  26  3:08  SCV  
  27  3:19  Starport  
  26  3:20  SCV  
  26  3:24  SCV  
  28  3:27  Hellion x2  
  28  3:32  SCV  
  28  3:33  Barracks Tech Lab  
  33  3:39  Liberator  
  33  3:40  SCV  
  34  3:46  SCV  
  34  3:48  Orbital Command  
  34  3:49  Hellion x2  
  34  3:55  Marine  
  39  4:01  SCV  
  43  4:05  SCV  
  44  4:11  Stimpack  
  44  4:12  Hellion x2  
  44  4:15  Supply Depot  
  48  4:19  Marine  
  48  4:20  SCV x2  
  48  4:22  Liberator  
  48  4:23  SCV  
  52  4:31  Engineering Bay  
  52  4:32  SCV x2, Engineering Bay  
  54  4:38  Refinery  
  54  4:40  Refinery  
  58  4:45  SCV  
  58  4:50  Barracks  
  58  4:56  Barracks  
  58  4:57  SCV  
  58  4:58  Factory Reactor  
  59  5:04  Marine  
  60  5:08  SCV x2  
  60  5:12  Supply Depot  
  60  5:22  SCV, Marauder  
  60  5:25  Starport Reactor  
  60  5:28  Terran Infantry Weapons Level 1, Terran Infantry Armor Level 1, Bunker  
  63  5:38  Marine x2  
  63  5:41  SCV  
  63  5:42  SCV  
  67  5:43  Marine  
  67  5:44  Supply Depot  
  67  5:47  SCV  
  69  5:54  SCV  
  69  5:56  Barracks, Marine  
  69  5:57  Barracks  
  71  5:58  Factory Reactor  
  71  6:04  Orbital Command  
  71  6:12  SCV x2  
  71  6:13  Marine x2  
  71  6:14  Marine x3  
  71  6:15  Combat Shields  
  71  6:16  Medivac x2  
  82  6:24  Armory  
  82  6:30  SCV  
  82  6:31  Marine x2  
  85  6:45  Barracks Reactor x2  
  85  6:51  Supply Depot  
  85  6:52  Supply Depot  
  85  6:53  Supply Depot  
  85  6:58  Marine x3  
  85  7:03  Supply Depot  
  85  7:12  Medivac x2, Widow Mine x2  
  85  7:13  SCV x3, Marine x2, Terran Vehicle Weapons Level 1  
  85  7:14  Factory  
  98  7:16  Marine x2  
  98  7:20  Supply Depot  
  100  7:25  SCV, Marine x4  
  100  7:26  SCV x2  
  100  7:27  Supply Depot  
  100  7:29  Terran Infantry Weapons Level 2, Terran Infantry Armor Level 2  
  107  7:31  Marine  
  107  7:32  Refinery  
  108  7:38  SCV x3  
  109  7:50  SCV x2, Marine x5  
  109  7:51  Marauder, Marine  
  117  7:52  Refinery, Widow Mine x2  
  121  8:00  Marine x2  
  123  8:07  Factory Tech Lab, Marine, Medivac x2  
  123  8:08  Marine  
  123  8:12  Marauder  
  131  8:15  Marine x2  
  131  8:18  Supply Depot  
  131  8:19  Supply Depot  
  133  8:21  Supply Depot  
  133  8:23  Supply Depot, SCV, Marine  
  135  8:29  SCV  
  135  8:31  Supply Depot  
  135  8:34  Marauder  
  138  8:37  Medivac  
  138  8:38  Barracks  
  138  8:39  Barracks  
  138  8:40  Medivac  
  138  8:41  Barracks  
  142  8:42  Marine x2  
  142  8:47  Marine x2  
  141  8:55  Marauder  
  130  8:57  Marine x3  
  133  9:03  SCV x2  
  133  9:04  SCV  
  133  9:07  Marine  
  137  9:15  SCV x2  
  137  9:16  SCV, Marauder  
  139  9:24  Concussive Shells  
  139  9:26  Siege Tank, Widow Mine x2  
  139  9:27  SCV  
  139  9:29  Supply Depot  
  139  9:30  Marine x3  
  139  9:31  Barracks Reactor, Barracks Tech Lab x2  
  150  9:32  Supply Depot, SCV x2  
  150  9:34  Supply Depot  
  150  9:38  Marauder  
  136  9:39  SCV  
  136  9:42  Marine x3  
  136  9:44  Marine  
  115  9:48  Marine x2  
  115  9:51  Marauder x2  
  121  9:54  Widow Mine x2  
  121  9:58  Siege Tank  
  121  9:59  Marauder  
  130  10:00  Supply Depot x2  
  120  10:13  Marauder, Marine  
  120  10:14  Marine x2  
  108  10:15  Marine x3  
  108  10:16  Marauder, Marine  
  108  10:20  Marauder  
  114  10:21  Marine x2  
  114  10:22  Marine  
  113  10:31  Marine x2  
  113  10:32  Marine  
  113  10:33  Marine x4  
  113  10:35  Marauder  
  109  10:37  Marine  
  109  10:38  Orbital Command  
  109  10:39  Marine x3  
  109  10:41  Marine  
  98  11:04  Marine x3  
  96  11:05  Marauder x2, Marine x3  
  108  11:11  Supply Depot  
  106  11:22  Marine x3  
  106  11:23  Marauder  
  111  11:40  Marine  
  111  11:41  Marauder  
  111  11:44  Marine x2  
  111  11:45  Marauder  
  118  11:48  Marine  
  118  11:51  Orbital Command  
  104  11:55  Missile Turret  
  104  11:57  Marine  
  87  12:03  Marine x2  
  87  12:04  Marauder  
  87  12:07  Marine x2  
  87  12:08  Marine  
  78  12:13  Widow Mine x2  
  82  12:25  Marine x3  
  82  12:26  Marine  
  78  12:37  Marine  
  78  12:38  Marauder, Marine  
  78  12:42  Marine x2  
Show
View Real Time Build Order
Export as new Build Order

Grippe Zerg - Winner!

Build Orders: Hatch First, Lurkers 

Get SALT Encoding   

  12  0:00  Drone  
  13  0:08  Drone  
  14  0:16  Overlord  
  14  0:25  Drone, Extractor  
  15  0:35  Drone x2  
  17  0:54  Hatchery  
  16  0:58  Drone  
  16  1:00  Drone  
  18  1:16  Spawning Pool  
  18  1:17  Drone  
  18  1:21  Drone  
  19  1:30  Extractor  
  18  1:43  Drone  
  18  1:44  Overlord  
  19  2:03  Zergling x4  
  19  2:04  Queen  
  19  2:06  Drone  
  19  2:07  Queen  
  26  2:09  Drone  
  27  2:29  Drone  
  28  2:31  Hatchery, Drone  
  28  2:50  Overlord  
  28  2:53  Drone x5  
  33  3:08  Drone x2  
  35  3:18  Spine Crawler  
  35  3:19  Drone x2  
  36  3:26  Queen, Extractor  
  37  3:34  Evolution Chamber  
  37  3:37  Evolution Chamber  
  35  3:41  Drone  
  35  3:42  Drone x4  
  35  3:43  Roach Warren  
  35  3:47  Drone  
  40  3:54  Drone  
  41  4:03  Zerg Missile Weapons Level 1, Zerg Ground Armor Level 1  
  41  4:13  Drone x7  
  48  4:22  Overlord  
  48  4:24  Roach  
  48  4:26  Overlord  
  49  4:39  Overlord  
  49  4:42  Roach x4  
  56  4:54  Overlord x2  
  56  4:59  Lair  
  54  5:07  Roach x5  
  64  5:15  Drone x8  
  68  5:31  Extractor  
  68  5:34  Spore Crawler  
  66  5:37  Overlord  
  66  5:41  Drone x2  
  66  5:42  Drone x5  
  73  5:45  Queen  
  71  6:03  Drone  
  71  6:04  Drone x5  
  77  6:11  Extractor  
  77  6:12  Extractor  
  77  6:17  Spore Crawler  
  74  6:18  Glial Reconstitution  
  74  6:19  Spore Crawler  
  74  6:20  Zerg Missile Weapons Level 2  
  73  6:25  Overlord  
  73  6:26  Drone x3  
  73  6:27  Drone x5  
  80  6:37  Queen  
  80  6:39  Hydralisk Den  
  79  6:54  Zerg Ground Armor Level 2  
  79  7:00  Drone x11  
  90  7:18  Drone x2  
  90  7:20  Hydralisk Den  
  90  7:22  Overlord, Extractor  
  90  7:24  Overlord  
  90  7:25  Overseer  
  90  7:30  Roach x3  
  90  7:34  Overlord  
  90  7:35  Overlord  
  96  7:40  Roach x4  
  104  7:51  Roach Warren  
  103  7:58  Spine Crawler  
  103  8:05  Overlord x7  
  102  8:08  Muscular Augments  
  102  8:10  Hydralisk  
  102  8:11  Hydralisk x2  
  108  8:16  Hydralisk x2  
  112  8:24  Hydralisk x4  
  120  8:29  Hydralisk x2  
  124  8:34  Hydralisk x2  
  125  8:48  Hydralisk x6  
  137  8:57  Drone  
  137  8:58  Drone x3  
  137  9:02  Pneumatized Carapace  
  141  9:04  Roach  
  141  9:05  Roach x2  
  147  9:13  Spore Crawler  
  147  9:16  Roach x7  
  160  9:22  Overseer  
  152  9:29  Overlord  
  144  9:40  Roach x7  
  158  9:51  Lurker Den  
  144  9:55  Roach x5  
  148  10:11  Roach x5  
  142  10:18  Roach x7  
  150  10:29  Roach x3  
  148  10:41  Roach x2  
  148  10:42  Roach x2  
  134  10:58  Roach x4  
  134  10:59  Roach  
  146  11:19  Hatchery  
  146  11:22  Overseer  
  145  11:30  Hatchery, Infestation Pit  
  145  11:31  Lurker x8  
  149  11:39  Hydralisk  
  149  11:40  Hydralisk x5  
  133  12:00  Roach x8  
  133  12:01  Roach  
  131  12:10  Queen  
  131  12:13  Hydralisk x3  
  139  12:24  Zergling x2  
Tags
 
Add a new tag
Caveats
  • Supply blocks, unpowered buildings, or Contaminate may cause inaccurate times.
  • Supply counts are checked every 10 seconds.